 Dungeon Crawl Stone Soup version 0.13-a0-2884-gbbf8bdf (webtiles) character file.

71585 PolkaDot the Bewitcher (level 14, -3/85 HPs)
             Began as a Vampire Enchanter on Aug 29, 2013.
             Was the Champion of Ashenzari.
             Killed from afar by an ogre mage (39 damage)
             ... with a crystal spear
             ... on Level 4 of the Orcish Mines on Aug 30, 2013.
             The game lasted 03:09:27 (26838 turns).

PolkaDot the Bewitcher (Vampire Enchanter)         Turns: 26838, Time: 03:09:27

HP  -3/85        AC 12     Str  8      XL: 14   Next: 92%
MP   2/34        EV 21     Int 26      God: Ashenzari [******]
Gold 1463        SH 14     Dex 18      Spells:  7 memorised,  1 level left

Res.Fire  : . . .   See Invis. : +   r - +1,+3 dagger "Jasuthu" {stab, rPois SInv}
Res.Cold  : + + +   Warding    : .   G - +1 steam dragon armour (curse)
Life Prot.: + + +   Conserve   : .   h - +0 buckler (curse)
Res.Poison: +       Res.Corr.  : +   f - +3 crown of Dyrovepreva {Hunger rElec Int+ Res.Elec. : + Clarity : + K - +0 orc cloak
Sust.Abil.: . .     Spirit.Shd : .   s - +1 pair of gauntlets {Dex+3}
Res.Mut.  : .       Stasis     : .   (no boots)
Res.Rott. : +       Flight     : .   N - cursed amulet of resist corrosion
Saprovore : . . .                    F - cursed ring of magical power
                                     m - cursed ring of protection from cold

@: non-regenerating, invisible, brilliant, very slightly contaminated, hasted
(expiring), very quick, somewhat resistant to hostile enchantments, incredibly
stealthy
A: bottle blood, fangs 3, see invisible, unbreathing
a: Bat Form, Bottle Blood, Scrying, Transfer Knowledge, Renounce Religion


You were on level 4 of the Orcish Mines.
You worshipped Ashenzari.
Ashenzari was exalted by your worship.
You were bloodless.

You visited 4 branches of the dungeon, and saw 26 of its levels.
You also visited: Volcano.

You collected 2803 gold pieces.
You spent 1360 gold pieces at shops.

Inventory:

Hand weapons
 g - the cursed +5,+7 dagger "Reung" (quivered) {drain, rF+}
   (You bought it in a shop on level 3 of the Orcish Mines)

   A truly terrible weapon, it drains the life of those it strikes.
   It protects you from fire.
   It has a curse placed upon it.
 r - the cursed +1,+3 dagger "Jasuthu" (weapon) {stab, rPois SInv}
   (You found it on level 4 of the Dungeon)

   It inflicts extra damage upon your enemies.
   It protects you from poison.
   It enhances your eyesight.
   It has a curse placed upon it.
Armour
 f - the +3 crown of Dyrovepreva (worn) {Hunger rElec Int+2 SInv}
   (You bought it in a shop on level 1 of the Orcish Mines)

   It affects your intelligence (+2).
   It insulates you from electricity.
   It enhances your eyesight.
   It speeds your metabolism.
 h - a cursed +0 buckler (worn)
 s - a +1 pair of gauntlets of dexterity (worn)
 t - a +0 robe of resistance
 G - a cursed +1 steam dragon armour (worn)
 K - a +0 orcish cloak (worn)
 W - a +2 orcish robe of magic resistance
Magical devices
 o - a wand of digging (6)
 P - a wand of disintegration (16)
 Y - a wand of paralysis (12)
Scrolls
 a - 3 scrolls of identify
 b - 3 scrolls of recharging
 i - a scroll of magic mapping
 j - 2 scrolls of blinking
 p - a scroll of enchant weapon II
 z - 4 scrolls of teleportation
Jewellery
 d - an uncursed ring of ice
 m - a cursed ring of protection from cold (left hand)
 F - a cursed ring of magical power (right hand)
 M - an uncursed ring of flight
 N - a cursed amulet of resist corrosion (around neck)
 S - the amulet of the Four Winds {Clar rN+ MR++}
   (You found it on level 10 of the Dungeon)

   [amulet of clarity]

   It protects you from negative energy.
   It affects your resistance to hostile enchantments.
Potions
 e - a potion of poison
 n - a potion of brilliance
 u - 9 potions of curing
 v - a potion of berserk rage
 A - 2 potions of restore abilities
Books
 c - a book of Maledictions

   Spells                             Type                      Level
   *Corona                            Hexes                        1
   Sure Blade                         Hexes/Charms                 2
   *Ensorcelled Hibernation           Hexes/Ice                    2
   *Confuse                           Hexes                        3
   *Enslavement                       Hexes                        4
   *Invisibility                      Hexes                        6
 l - a book of Minor Magic

   Spells                             Type                      Level
   Magic Dart                         Conjuration                  1
   *Blink                             Translocation                2
   Call Imp                           Summoning                    2
   *Repel Missiles                    Charms/Air                   2
   Slow                               Hexes                        2
   Conjure Flame                      Conjuration/Fire             3
   Mephitic Cloud                     Conjuration/Poison/Air       3


   Skills:
 - Level 10.0(14.3) Short Blades
 - Level 0.7 Throwing
 * Level 11.2 Dodging
 + Level 19.1 Stealth
 - Level 7.0(10.1) Shields
 - Level 4.0 Spellcasting
 + Level 20.3(23.8) Hexes
 - Level 2.9(6.7) Translocations
 - Level 5.2(9.6) Ice Magic
 - Level 2.4(6.0) Air Magic


You had one spell level left.
You knew the following spells:

 Your Spells              Type           Power        Failure   Level  Hunger
a - Corona                Hex            #######      0%          1    None
b - Blink                 Tloc           N/A          1%          2    None
c - Confuse               Hex            #######.     0%          3    ##.....
d - Ensorcelled Hibernat  Hex/Ice        ######       0%          2    None
e - Enslavement           Hex            #######.     0%          4    ####...
i - Invisibility          Hex            #######.     1%          6    #######
m - Repel Missiles        Chrm/Air       #####.....   1%          2    None


Dungeon Overview and Level Annotations

Branches:
Dungeon (13/27)            Temple (1/1) D:7             Orc (4/4) D:8
    Elf (0/3) Orc:4          Lair (8/8) D:13         Shoals (0/5) Lair:5
  Snake (0/5) Lair:5        Slime (0/6) Lair:6

Altars:
Ashenzari
Cheibriados
Elyvilon
Fedhas
Kikubaaqudgha
Makhleb
Nemelex Xobeh
Okawaru
Sif Muna
Trog
Vehumet
Xom
Yredelemnul
Zin
the Shining One

Shops:
D:7 /   Orc:1 [   Orc:2 =   Orc:3 (   Orc:4 /([+

Portals:
Trove: D:11 (give +6,+6 demon whip)


Innate Abilities, Weirdness & Mutations

You do not heal naturally.
You can bottle blood from corpses.
You have razor-sharp teeth.*
You have supernaturally acute eyesight.
You can survive without breathing.*
((You are surrounded by a mild repulsion field (EV +2).))+


Message History

You hit the ogre mage. Your bite misses the ogre mage.
The ogre mage is moderately wounded.
Your extra speed is starting to run out.
You hit the ogre mage.
The ogre mage is moderately wounded.
The ogre mage points at you and mumbles some strange words.
The crystal spear hits you!
* * * LOW HITPOINT WARNING * * *
You are too injured to fight recklessly!
Drink which item? (? for menu, Esc to quit)
You feel better.
Drink which item? (? for menu, Esc to quit)
You feel better. The ogre mage casts a spell at you.
The bolt of fire misses you.
Drink which item? (? for menu, Esc to quit)
You feel better.
The ogre mage gestures at you while chanting.
The crystal spear hits you!
You die...

......, * ,,,...O, , ,,*
,,,,, ......,*,,,{.........
,,,*,, , ....#...
{{.....∩∩....,, ,,, ,
....#...,{,,....∩∩..... ,, ,,
, ....#..#,, ,,........... ,
*, ...##..#
,,,,,........,,,**,,*
...##..##**,, ......,, ***,,*
*,
....#...########O.#######*,,
**,,
.....#.........)@)....... *
#..............).).......,,**
* .[........###############*
* #[.##....## ...###.###
#[..#).[.## #...##...)#
##..####.## #...# ###


You could see an ogre mage.

Vanquished Creatures
  A dragon (Lair:8)
  3 ogre magi (Orc:4)
  Fannar (Orc:2)
  3 hydras
  Erica (Lair:5)
  19 death yaks
  Urug (Orc:3)
  Nergalle (D:12)
  An unseen horror (D:12)
  5 hill giants
  An orc knight (Orc:1)
  6 oklob plants
  A cyclops (D:13)
  4 griffons
  9 spiny frogs
  5 black mambas
  6 fire drakes
  An efreet (Volcano)
  11 komodo dragons
  4 trolls
  6 polar bears (Lair:8)
  Prince Ribbit (D:6)
  8 two-headed ogres (Orc:4)
  A wraith (D:13)
  A trapdoor spider zombie (D:13)
  7 blink frogs
  An ugly thing (Volcano)
  11 grizzly bears (Lair:8)
  A toenail golem (Volcano)
  35 yaks
  5 basilisks (Lair:8)
  2 fire elementals (Volcano)
  A water elemental (D:11)
  4 steam dragons
  An elephant slug (Lair:3)
  A shadow (D:13)
  Eustachio (D:6)
  2 clay golems (Volcano)
  2 wyverns
  9 hippogriffs
  9 wolves
  A mottled dragon (Lair:8)
  A swamp drake (Lair:8)
  7 porcupines
  14 orc warriors
  A necrophage (D:13)
  5 ice beasts
  4 nagas (Lair:5)
  6 sky beasts
  7 black bears
  5 giant goldfish
  29 ogres
  2 yellow wasps
  10 crocodiles
  Duvessa (D:8)
  6 centaurs
  15 giant frogs
  16 water moccasins
  A brain worm (D:11)
  4 giant slugs
  A manticore zombie (D:13)
  12 agate snails
  A cyclops zombie (D:10)
  An earth elemental (Volcano)
  2 eyes of draining
  2 troll zombies
  A lava snake (Volcano)
  A goliath beetle (D:12)
  2 jellyfish (Lair:5)
  13 crimson imps
  21 killer bees
  9 electric eels
  A soldier ant zombie (D:13)
  2 yak skeletons
  Dowan (D:8)
  A centaur zombie (D:6)
  A gnoll shaman (D:6)
  3 jellies
  4 scorpions
  A giant frog zombie (D:5)
  21 orc priests
  8 big fish
  Crazy Yiuf (D:6)
  6 iguanas
  10 hounds
  A black bear skeleton (D:8)
  A centaur skeleton (D:4)
  15 orc wizards
  8 worker ants
  A two-headed ogre skeleton (D:8)
  3 halflings (D:2)
  A mummy (D:11)
  10 gnolls
  58 green rats
  25 adders
  6 giant centipedes
  5 worms
  3 giant mites
  A giant centipede zombie (D:12)
  An adder skeleton (D:7)
  3 giant eyeballs
  9 giant geckos
  131 orcs
  2 ball pythons (D:4)
  7 giant cockroaches
  32 goblins
  21 hobgoblins
  27 jackals
  18 kobolds
  18 quokkas
  23 bats
  A giant gecko skeleton (D:4)
  6 giant newts
  A giant spore (D:8)
  An orc skeleton (D:5)
  29 rats
  A rat skeleton (D:4)
  8 ballistomycetes (D:8)
  2 plants
933 creatures vanquished.

Vanquished Creatures (others)
  2 orcs (Orc:1)
  A giant spore (D:8)
  16 fungi
  6 plants (Lair:8)
25 creatures vanquished.

Grand Total: 958 creatures vanquished

Notes
Turn   | Place    | Note
--------------------------------------------------------------
     0 | D:1      | PolkaDot, the Vampire Enchanter, began the quest for the Orb.
     0 | D:1      | Reached XP level 1. HP: 13/13 MP: 4/4
    44 | D:1      | Reached XP level 2. HP: 10/19 MP: 3/5
   192 | D:1      | Wintrow: (: Here I am again, if you don't mind :)
   192 | D:1      | PolkaDot: 'course not
   854 | D:1      | Reached XP level 3. HP: 24/24 MP: 7/7
  1063 | D:1      | Learned a level 3 spell: Confuse
  1229 | D:2      | Reached skill level 5 in Hexes
  2102 | D:2      | Reached XP level 4. HP: 30/30 MP: 8/8
  2130 | D:2      | Reached skill level 5 in Stealth
  2569 | D:2      | PolkaDot: note: I hate meleeing things, at least until XL3
  2569 | D:2      | PolkaDot: until then, even goblins are a serious threat :(
  2612 | D:2      | Reached XP level 5. HP: 35/35 MP: 10/10
  2636 | D:2      | Found a basalt altar of Yredelemnul.
  3034 | D:3      | Reached skill level 6 in Hexes
  3378 | D:3      | Learned a level 4 spell: Enslavement
  3617 | D:3      | Found a shattered altar of Ashenzari.
  3625 | D:3      | Became a worshipper of Ashenzari the Shackled
  3626 | D:3      | Wintrow: lucky
  3626 | D:3      | PolkaDot: :D
  3740 | D:3      | PolkaDot: Now... Lets see if I get this priest >:|
  3864 | D:3      | Wintrow: pfff, nice :)
  3864 | D:3      | PolkaDot: :D
  4197 | D:4      | Got the cursed dagger "Jasuthu" {stab, rPois SInv}
  4199 | D:4      | PolkaDot: free curse :D
  4271 | D:4      | Wintrow: not sure what +stab does. the rest you get from vampirism, but yeah, the curse is nice :)
  4271 | D:4      | Reached XP level 6. HP: 30/41 MP: 12/12
  4276 | D:4      | PolkaDot: I think it's a damage bonus to stabbing
  4276 | D:4      | Wintrow: MORE damage to stabbing? Insanity! =P
  4276 | D:4      | PolkaDot: one-shot ALL the monsters!
  4633 | D:5      | Entered Level 5 of the Dungeon
  4634 | D:5      | Reached skill level 7 in Hexes
  5022 | D:5      | Found a deep blue altar of Sif Muna.
  5518 | D:5      | PolkaDot: I forgot about the drowning xD
  5527 | D:5      | Identified Sif Muna's Disquisition on Arcane Weapons
  5708 | D:5      | Reached skill level 8 in Hexes
  5708 | D:5      | Reached XP level 7. HP: 34/46 MP: 11/15
  6216 | D:6      | Reached skill level 9 in Hexes
  6232 | D:6      | Noticed a yak
  6233 | D:6      | Noticed a yak
  6270 | D:6      | Killed a yak
  6270 | D:6      | Reached XP level 8. HP: 48/52 MP: 13/18
  6328 | D:6      | Reached skill level 10 in Hexes
  6339 | D:6      | Learned a level 6 spell: Invisibility
  6624 | D:6      | Noticed a yak
  6626 | D:6      | Noticed a yak
  6627 | D:6      | Noticed Prince Ribbit
  6631 | D:6      | Noticed a yak
  6634 | D:6      | Killed a yak
  6634 | D:6      | Reached skill level 1 in Shields
  6636 | D:6      | Killed a yak
  6722 | D:6      | Noticed Crazy Yiuf
  6737 | D:6      | Killed Crazy Yiuf
  6772 | D:6      | Noticed Eustachio
  6807 | D:6      | Killed Eustachio
  6807 | D:6      | Reached skill level 11 in Hexes
  6817 | D:6      | Wintrow: nice!
  6835 | D:6      | Wintrow: he's a nasty unique.
  6864 | D:6      | PolkaDot: Yep. Freaking spammer ^^
  7349 | D:6      | Wintrow: hmmm
  7349 | D:6      | PolkaDot: well, that was silly
  7349 | D:6      | Wintrow: this looks really really bad
  7349 | D:6      | PolkaDot: boom
  7349 | D:6      | Wintrow: try the scrolls maybe? blink, teleport and fog would be ok
  7349 | D:6      | PolkaDot: got a blink, but's either landing next to the croaking prince or an orc wizard
  7349 | D:6      | PolkaDot: OR
  7349 | D:6      | PolkaDot: The corridor
  7349 | D:6      | PolkaDot: crikey, I can be dense sometimes
  7356 | D:6      | Killed Prince Ribbit
  7522 | D:6      | Killed a yak
  7522 | D:6      | Reached XP level 9. HP: 57/57 MP: 14/20
  7524 | D:6      | Killed a yak
  7524 | D:6      | Reached skill level 10 in Stealth
  7704 | D:6      | PolkaDot: Laaag
  7785 | D:6      | Reached skill level 12 in Hexes
  7795 | D:6      | Learned a level 2 spell: Ensorcelled Hibernation
  7842 | D:7      | Found a snail-covered altar of Cheibriados.
  7984 | D:7      | PolkaDot: fun fact; relying on EH used to get me killed. A lot. So that's why I never get it first :3
  8021 | D:7      | Found Kipovuf's Magical Wand Shoppe.
  8046 | D:7      | Found a staircase to the Ecumenical Temple.
  8053 | Temple   | Entered the Ecumenical Temple
  8350 | D:7      | Wintrow: it's stil really good though
  8350 | D:7      | PolkaDot: No doubt, I abuse it when I do get it, but it's more reliable then
  8466 | D:7      | Reached skill level 13 in Hexes
  8625 | D:7      | Reached skill level 5 in Short Blades
  8668 | D:7      | Found an iron altar of Okawaru.
  8803 | D:8      | Gained mutation: You are surrounded by a mild repulsion field (EV +2). [potion of beneficial mutation]
  8828 | D:8      | Acquired Ashenzari's first power
  8828 | D:8      | Identified the cursed +1,+3 dagger "Jasuthu" {stab, rPois SInv} (You found it on level 4 of the Dungeon)
  8958 | D:8      | Reached XP level 10. HP: 63/63 MP: 9/21
  9050 | D:8      | Noticed Dowan
  9052 | D:8      | PolkaDot: my fav uniques :D
  9104 | D:8      | Killed Dowan
  9105 | D:8      | Wintrow: I like the wizard slug
  9113 | D:8      | Noticed Duvessa
  9114 | D:8      | PolkaDot: Gastronok?!
  9114 | D:8      | Wintrow: yeah
  9114 | D:8      | PolkaDot: I haven't killed him yet. Too hard to enchant and too hard to kill in melee xD
  9114 | D:8      | Wintrow: airstriking elephant slug
  9114 | D:8      | Wintrow: and you get a nice hat to!
  9114 | D:8      | PolkaDot: annnd I forgot I can't bat form yet. Confuse it is.
  9114 | D:8      | PolkaDot: He does have nice hats.
  9320 | D:8      | Killed Duvessa
  9320 | D:8      | Reached skill level 14 in Hexes
  9341 | D:8      | Reached skill level 1 in Ice Magic
  9454 | D:8      | PolkaDot: What is with this jewelry ~.~
  9894 | D:8      | Found a staircase to the Orcish Mines.
 10512 | D:9      | Reached skill level 15 in Hexes
 10579 | D:10     | Entered Level 10 of the Dungeon
 10622 | D:10     | PolkaDot: This is hilarious. Must be Xom. XD
 10622 | D:10     | Wintrow: You know what this means right? 4 uniques around the enxt corner
 10624 | D:10     | PolkaDot: I'd welcome the xp :P
 10805 | D:10     | Acquired Ashenzari's second power
 10812 | D:10     | Noticed a hill giant
 10834 | D:10     | Killed a hill giant
 11209 | D:11     | Noticed a hill giant
 11212 | D:11     | Killed a hill giant
 11258 | D:11     | Noticed a hill giant
 11270 | D:11     | Killed a hill giant
 11270 | D:11     | Reached skill level 16 in Hexes
 11270 | D:11     | Reached XP level 11. HP: 68/68 MP: 13/22
 11352 | D:11     | Reached skill level 5 in Ice Magic
 11825 | D:11     | Found a shattered altar of Ashenzari.
 11838 | D:11     | Noticed an eight-headed hydra
 11887 | D:11     | Wintrow: 5 heads. That's a lot of slicing!
 11889 | D:11     | Wintrow: 8 even!
 11889 | D:11     | PolkaDot: figured I'd test my stealth...
 11889 | D:11     | PolkaDot: test failed :D
 11889 | D:11     | Wintrow: Xom wins again
 11890 | D:11     | Wintrow: scroll of fog to break line of sight? enslavement>
 11909 | D:11     | Killed an eight-headed hydra
 11910 | D:11     | Wintrow: wow!
 11910 | D:11     | Wintrow: hydra blood everywhere!
 11910 | D:11     | PolkaDot: I generally only enslave if I want big things to kill other big thigns, or a meatshield
 11910 | D:11     | PolkaDot: otherwise, confuse. 'cause I tend to forgot to tell them to wait ~.~;
 11910 | D:11     | Wintrow: or if you want to not die by hydrabites. 8 bites a turn!
 11949 | D:11     | Found a portal to a secret trove of treasure.
 11951 | D:11     | Acquired Ashenzari's third power
 11953 | D:11     | Wintrow: nice!
 11953 | D:11     | PolkaDot: lol, exactly
 11953 | D:11     | PolkaDot: ... I wants my treasure D:
 12011 | D:11     | PolkaDot: But that'll do nicely :D
 12036 | D:11     | Noticed a hill giant
 12044 | D:11     | Killed a hill giant
 12326 | D:12     | Noticed a hill giant
 12329 | D:12     | Killed a hill giant
 12412 | D:12     | Noticed Nergalle
 12416 | D:12     | Killed Nergalle
 12420 | D:12     | Wintrow: :)
 12427 | D:12     | PolkaDot: Never fought her. And that makes me nervous, because I don't know how dangerous she really is xD;
 12461 | D:12     | Wintrow: She's named after the god of destruction :)
 12475 | D:12     | PolkaDot: Makhleb?
 12475 | D:12     | Wintrow: No, from real history. :)
 12475 | D:12     | PolkaDot: Ohhhh... Awesome, glad I'd also got the sneak on her then :D
 12588 | D:12     | Reached skill level 17 in Hexes
 12867 | D:12     | Wintrow: interesting level layout
 12883 | D:12     | PolkaDot: I like that it's compartmentalized. Lots of corners to run around if things get nasty :)
 12936 | D:12     | Noticed an unseen horror
 12944 | D:12     | Killed an unseen horror
 13013 | D:12     | Reached skill level 15 in Stealth
 13018 | D:12     | Reached XP level 12. HP: 74/74 MP: 16/23
 13568 | D:13     | Found a staircase to the Lair.
 13622 | D:13     | Wintrow: "I wonder what alter we'll find"
 13633 | D:13     | Wintrow: :)
 13633 | D:13     | PolkaDot: ?
 13640 | D:13     | Wintrow: or lair, I thought the plat god would be here
 13642 | D:13     | Wintrow: *plant
 13642 | D:13     | PolkaDot: :p
 13772 | D:13     | Learned a level 2 spell: Blink
 14307 | Lair:1   | Entered Level 1 of the Lair of Beasts
 14759 | Lair:1   | Acquired Ashenzari's fourth power
 14820 | Lair:1   | Identified the ring "Edogovie" {-Cast +Fly rPois Dam+5}
 15196 | Lair:1   | Reached skill level 10 in Short Blades
 15347 | Lair:1   | Paralysed by you for 3 turns
 15385 | Lair:1   | Wintrow: I'm gonna go get some sleep. Good luck and thanks for the game :)
 15385 | Lair:1   | PolkaDot: Thanks, good night! :D
 15926 | Lair:2   | Reached skill level 1 in Translocations
 16507 | Lair:3   | Reached skill level 5 in Shields
 16793 | Lair:3   | Identified the cursed +0 ring mail of the Vestibule of Hell {Str-2 Int+1}
 17287 | Lair:4   | Noticed a six-headed hydra
 17294 | Lair:4   | Killed a six-headed hydra
 17400 | Lair:4   | Reached skill level 18 in Hexes
 18087 | Lair:5   | Reached XP level 13. HP: 79/79 MP: 12/24
 18276 | Lair:5   | Noticed Erica
 18284 | Lair:5   | Found a staircase to the Shoals.
 18285 | Lair:5   | Killed Erica
 18535 | Lair:5   | Found a staircase to the Snake Pit.
 19126 | Lair:6   | Reached skill level 5 in Dodging
 19127 | Lair:6   | Found a staircase to the Slime Pits.
 20409 | Lair:7   | Reached skill level 19 in Hexes
 20481 | Lair:8   | Entered Level 8 of the Lair of Beasts
 20506 | Lair:8   | HP: 3/79 [electric eel/bolt of electricity (7)]
 20892 | Lair:8   | Reached XP level 14. HP: 85/85 MP: 11/25
 21263 | Lair:8   | Identified the +0 ring mail "Naump" {rC+ rN+ Acc+4}
 21814 | Lair:8   | Reached skill level 10 in Dodging
 21844 | Lair:8   | Learned a level 2 spell: Repel Missiles
 22296 | Lair:7   | Reached skill level 1 in Air Magic
 22848 | Orc:1    | Entered Level 1 of the Orcish Mines
 22947 | Orc:1    | Found a burning altar of Makhleb.
 23191 | Orc:2    | Noticed Fannar
 23272 | Orc:2    | Killed Fannar
 23283 | Orc:2    | Found Eptucafa's Jewellery Boutique.
 23345 | Orc:1    | Found Jeeforat's Armour Shop.
 23662 | Orc:1    | Bought the +3 crown of Dyrovepreva {Hunger rElec Int+2 SInv} for 1094 gold pieces
 23873 | Orc:1    | Reached skill level 20 in Hexes
 24035 | Orc:3    | Found a bloodstained altar of Trog.
 24062 | Orc:3    | Found Subumn's Antique Weapon Shop.
 24076 | Orc:3    | Noticed Urug
 24085 | Orc:3    | Killed Urug
 24404 | Orc:3    | Bought an encrusted dagger for 266 gold pieces
 24404 | Orc:3    | Identified the cursed +5,+7 dagger "Reung" {drain, rF+} (You bought it in a shop on level 3 of the Orcish Mines)
 24626 | Orc:4    | Entered Level 4 of the Orcish Mines
 25173 | Orc:4    | Found a dark tunnel.
 25178 | Volcano  | Entered a volcano
 25403 | Volcano  | Found a radiant altar of Vehumet.
 26587 | Orc:4    | Found a staircase to the Elven Halls.
 26688 | Orc:4    | Found Skyzol's Magical Wand Boutique.
 26688 | Orc:4    | Found Fyutryor's Armour Emporium.
 26688 | Orc:4    | Found Utana's Antique Weapon Emporium.
 26688 | Orc:4    | Found Khushrua's Book Shop.
 26838 | Orc:4    | Killed from afar by an ogre mage

Action                   |  1- 3 |  4- 6 |  7- 9 | 10-12 | 13-15 || total
-------------------------+-------+-------+-------+-------+-------++-------
Melee: Dagger            |   176 |   203 |   225 |   655 |   728 ||  1987
Throw: Dart              |    21 |     7 |     1 |       |       ||    29
 Cast: Corona            |    11 |    12 |     6 |     5 |     9 ||    43
       Confuse           |     3 |    23 |    29 |    16 |     8 ||    79
       Enslavement       |       |     1 |       |       |     3 ||     4
       Invisibility      |       |       |     7 |    17 |    32 ||    56
       Ensorcelled Hiber |       |       |    34 |   147 |   113 ||   294
 Abil: End Transformatio |       |     2 |       |       |     1 ||     3
       Bat Form          |       |     2 |       |       |     1 ||     3
Evoke: Wand              |       |       |       |    14 |     6 ||    20
  Use: Scroll            |       |     5 |     1 |    30 |    14 ||    50
       Potion            |       |     3 |     2 |     3 |    20 ||    28
 Stab: Sleeping          |    11 |    16 |    44 |   272 |   226 ||   569
       Confused          |     1 |    13 |    18 |     7 |     5 ||    44
       Distracted        |     1 |     1 |     2 |     2 |     3 ||     9
       Invisible         |       |       |     5 |    26 |   127 ||   158
